 Dungeon Crawl Stone Soup version 0.28.0-45-g0d030f2227 (webtiles) character file.

Game seed: 6521645849734900173

282 leafyfresh the Changer (level 6, -1/47 HPs)
             Began as a Draconian Transmuter on Apr 24, 2022.
             Slain by an ogre
             ... wielding a +0 giant club
              (24 damage)
             ... on level 4 of the Dungeon.
             The game lasted 00:05:09 (3681 turns).

leafyfresh the Changer (Draconian Transmuter)       Turns: 3681, Time: 00:05:09

Health: -1/47      AC:  2    Str: 12    XL:     6   Next: 6%
Magic:  6/9        EV: 19    Int: 13    God:
Gold:   150        SH:  0    Dex: 19    Spells: 5/9 levels left

rFire   . . .      SeeInvis .     - Unarmed
rCold   . . .      Faith    .   (shield currently unavailable)
rNeg    . . .      Spirit   .   (armour unavailable)
rPois   x          Reflect  .   (helmet currently unavailable)
rElec   .          Harm     .   (cloak currently unavailable)
rCorr   .          Rampage  .   (gloves currently unavailable)
Will    .....                   (boots currently unavailable)
Stlth   ++........              (no amulet)
HPRegen 0.15/turn               (no ring)
MPRegen 0.11/turn               (no ring)

@: spider-form
A: venomous fangs, AC +6, tiny, unfitting armour, (cold-blooded)
a: End Transformation


You were on level 4 of the Dungeon.
You were a venomous arachnid creature.
You visited 1 branch of the dungeon, and saw 4 of its levels.

You collected 150 gold pieces.

Inventory:

Hand Weapons
 a - a +3 whip of venom (melded)
Armour
 b - a +0 pair of gloves (melded)
 m - a scarf of invisibility (melded)
Wands
 p - a wand of polymorph (15)
Scrolls
 c - a scroll of teleportation
 d - 2 scrolls of immolation
 g - 2 scrolls of identify
 i - a scroll of vulnerability {unknown}
 k - a scroll of blinking {unknown}
 o - a scroll of torment {unknown}
 q - a scroll of amnesia {unknown}
Potions
 e - a potion of degeneration {unknown}
 f - a potion of might {unknown}
 h - a potion of attraction {unknown}
 j - a potion of curing
 l - a potion of magic {unknown}
 n - a potion of cancellation {unknown}
 r - a potion of mutation {unknown}


   Skills:
 - Level 1.1 Fighting
 - Level 1.7 Dodging
 - Level 3.0 Unarmed Combat
 - Level 2.0 Spellcasting
 + Level 6.4 Transmutations


You had 5 spell levels left.
You knew the following spells:

 Your Spells              Type           Power      Damage    Failure   Level
a - Beastly Appendage     Tmut           36%        N/A       8%          1
b - Spider Form           Tmut/Pois      9%         N/A       41%         3

Your spell library contained the following spells:

 Spells                   Type           Power      Damage    Failure   Level
 Wereblood                Tmut           18%        N/A       10%         2
 Foxfire                  Conj/Fire      4%         2x1d4     47%         1
 Ice Form                 Ice/Tmut       9%         N/A       77%         4
 Conjure Flame            Conj/Fire      1%         6-21      78%         3
 Inner Flame              Hex/Fire       1%         N/A       78%         3
 Flame Wave               Conj/Fire      1%         2d4       98%         4


Dungeon Overview and Level Annotations

Branches:
Dungeon (4/15)
 Temple: D:4-7

Altars:


Innate Abilities, Weirdness & Mutations

You are a venomous arachnid creature.
You have poisonous fangs.
You are tiny and dextrous.
Your spellcasting is less reliable in this form.
Your armour is entirely melded.
You are incapable of wielding weapons or throwing items.
((Your plain brown scales are hard. (AC +6)))
You cannot fit into any form of body armour.
((You are cold-blooded and may be slowed by cold attacks.))


Message History

No target in view!
You see here a ball python corpse.
g - 2 scrolls of identify (gained 1)
An ogre comes into view. It is wielding a +0 giant club.
The ogre shouts!
An ogre is nearby!
An ogre is nearby!
You barely miss the ogre.
The ogre hits you with a +0 giant club!!
Ouch! That really hurt!
You are too injured to fight recklessly!
You are too injured to fight recklessly!
You are too injured to fight recklessly!
Unknown command.
You see here a +0 dagger.
There is an escape hatch in the ceiling here.
Casting: Spider Form (dangerous; 21% risk of failure)
Confirm with . or Enter, or press ? or * to list all spells.
You turn into a venomous arachnid creature.
Your +3 whip of venom melds into your body.
Your scarf of invisibility melds into your body.
Your +0 pair of gloves melds into your body.
Your +3 whip of venom stops dripping with poison.
The ogre misses you.
Casting: Spider Form (quite dangerous; 41% risk of failure)
Confirm with . or Enter, or press ? or * to list all spells.
The spell is quite dangerous to miscast (41% risk of failure)!
Continue anyway?
Okay, then.
You hit the ogre.
The ogre is lightly wounded.
Unknown command.
You hit the ogre but do no damage.
The ogre is poisoned.
The ogre is lightly wounded.
The ogre completely misses you.
Unknown command.
You hit the ogre but do no damage.
The ogre looks even sicker.
The ogre is lightly wounded.
The ogre hits you with a +0 giant club!!
Ouch! That really hurt!
You die...

##+##..........##.###.# #.#.
....##..# #.#.........# #.#.
.......>###.#..##.###.########.#.
....##.#†.....###.# #..........#.
....# #......###.######.#####.#.
....##.#.........................
.).....#......###.##.###.####....
....##.#......###.##.###.........
.......#........sO...............
....##.####.#.######.##.....#.#.#
.#..#######.#.# #.##.....#.#..
............<.# #.##.....#.#.#
#...####.###..# #.###.####.#.#
#...# #.# #..# ##.###.####.#.#
#...# #.# #..#####...........#.#
....# #.# #.............####.#.#
#.#.# #.###..######.###.#


You could see an ogre (very poisoned).

Vanquished Creatures
  A necrophage (D:4)
  An iguana (D:4)
  Ijyb (D:4)
  2 river rats (D:3)
  5 adders
  4 worms (D:3)
  A dart slug (D:1)
  An orc (D:3)
  6 endoplasms
  11 goblins
  6 hobgoblins
  8 kobolds
  2 quokkas
  5 ball pythons
  4 bats
  3 frilled lizards
  11 rats
72 creatures vanquished.

Notes
Turn   | Place    | Note
-------+----------+-------------------------------------------
     0 | D:1      | leafyfresh the Draconian Transmuter began the quest for the
                  | Orb.
     0 | D:1      | Reached XP level 1. HP: 16/16 MP: 3/3
    15 | D:1      | Found a faded altar of an unknown god.
   220 | D:1      | Reached XP level 2. HP: 23/23 MP: 5/5
   378 | D:1      | Reached skill level 3 in Transmutations
   990 | D:2      | Reached XP level 3. HP: 24/28 MP: 4/6
  1062 | D:2      | Learned a level 3 spell: Spider Form
  1224 | D:2      | You fall into a shaft and drop 1 floor!
  1375 | D:3      | Reached skill level 4 in Transmutations
  1723 | D:3      | Reached XP level 4. HP: 35/35 MP: 7/7
  2173 | D:3      | Reached skill level 5 in Transmutations
  3092 | D:4      | Noticed a necrophage
  3101 | D:4      | Killed a necrophage
  3102 | D:4      | Reached skill level 6 in Transmutations
  3102 | D:4      | Reached XP level 5. HP: 34/40 MP: 8/8
  3493 | D:4      | Noticed Ijyb
  3507 | D:4      | Killed Ijyb
  3508 | D:4      | Reached XP level 6. HP: 47/47 MP: 9/9
  3681 | D:4      | Slain by an ogre

Illustrated notes

Levels and vault maps discovered:
D:1:      co_arrival_square_in_a_square_in_a_square, layout_basic,
          ebering_ecumenical_altar_abandoned
D:2:      layout_rooms, serial_rivers, chequers_serial_rivers_small_3,
          chequers_serial_rivers_room_a, chequers_serial_rivers_micro_b,
          chequers_serial_rivers_small_a, chequers_serial_rivers_micro_b
D:3:      layout_loops_corners, lightli_sewer_entry_pipes, grunt_ministairs_12
D:4:      layout_basic, doesnt_xom_only_xom, uniq_ijyb

Skill      XL: |  1  2  3  4 |
---------------+-------------+-----
Transmutations | 3 4 6 |  6.4
Fighting       | |  1.1
Dodging        | |  1.7
Unarmed Combat | |  3.0
Spellcasting   | |  2.0

Action                   |  1- 3 |  4- 6 || total
-------------------------+-------+-------++-------
Melee: Unarmed           |    98 |     3 ||   101
       Tailslap          |    11 |    10 ||    21
       Punch             |     4 |       ||     4
       Kick              |     2 |       ||     2
       Headbutt          |     1 |       ||     1
       Whip              |    32 |    91 ||   123
 Cast: Beastly Appendage |     1 |       ||     1
       Spider Form       |     1 |     1 ||     2
  Use: Scroll            |     3 |       ||     3
 Stab: Sleeping          |       |     1 ||     1
Armor: Skin              |    37 |    22 ||    59
Dodge: Dodged            |    72 |    57 ||   129
